 Dungeon Crawl Stone Soup version 0.26-a0-858-gbf766624f9 (webtiles) character file.

Game seed: 1129743730779760583

60 robertstho the Chiller (level 3, 0/19 HPs)
             Began as a Deep Elf Ice Elementalist on Nov 24, 2020.
             Slain by a gnoll
             ... wielding a +0 whip
              (10 damage)
             ... on level 2 of the Dungeon.
             The game lasted 00:01:43 (2037 turns).

robertstho the Chiller (Deep Elf Ice Elementalist)  Turns: 2037, Time: 00:01:44

Health: 0/19       AC:  2    Str:  5    XL:     3   Next: 82%
Magic:  6/10       EV: 13    Int: 20    God:
Gold:   106        SH:  0    Dex: 15    Spells: 8/9 levels left

rFire    . . .     SeeInvis .   c - +0 whip
rCold    . . .     Faith    .   (no shield)
rNeg     . . .     Spirit   .   a - +0 robe
rPois    .         Reflect  .   (no helmet)
rElec    .         Harm     .   (no cloak)
rCorr    .         Rampage  .   (no gloves)
MR       .....                  (no boots)
Stlth    +++.......             (no amulet)
HPRegen  0.06/turn              i - ring of stealth
MPRegen  0.12/turn              (no ring)

@: no status effects
A: no striking features
a: no special abilities


You were on level 2 of the Dungeon.
You visited 1 branch of the dungeon, and saw 2 of its levels.

You collected 106 gold pieces.

Inventory:

Hand Weapons
 c - a +0 whip (weapon)
Armour
 a - a +0 robe (worn)
Jewellery
 i - a ring of stealth (left hand)
 m - an uncursed ring of ice {unknown}
Scrolls
 d - 4 scrolls of identify {unknown}
 f - a scroll of noise {unknown}
 h - a scroll of magic mapping {unknown}
 j - a scroll of remove curse {unknown}
 l - a scroll of teleportation {unknown}
Potions
 b - a potion of magic {unknown}
 e - a potion of resistance {unknown}
 g - a potion of might {unknown}
 k - a potion of invisibility {unknown}


   Skills:
 + Level 0.2 Fighting
 + Level 0.3 Maces & Flails
 + Level 2.9 Dodging
 + Level 3.0 Stealth
 * Level 3.5 Spellcasting
 * Level 5.2 Ice Magic


You had 8 spell levels left.
You knew the following spells:

 Your Spells              Type           Power        Failure   Level
a - Freeze                Ice            ###.         1%          1

Your spell library contained the following spells:

 Spells                   Type           Power        Failure   Level
 Frozen Ramparts          Ice            ###...       4%          3
 Ozocubu's Armour         Ice            ###.....     4%          3
 Hailstorm                Conj/Ice       ##......     43%         4
 Summon Ice Beast         Ice/Summ       ##......     43%         4


Dungeon Overview and Level Annotations

Branches:
Dungeon (2/15)

Altars:


Message History

The gnoll is severely wounded.
The gnoll closely misses you.
Casting: Freeze (safe; 1% risk of failure)
Confirm with . or Enter, or press ? or * to list all spells.
Aiming: Freeze (safe; 1% risk of failure)
Press: ? - help, Shift-Dir - straight line, f/p - gnoll
Aim: a gnoll, wielding a +0 flail (severely wounded)
You freeze the gnoll!
You kill the gnoll!
Your Stealth skill increases to level 3!
Casting: Freeze (safe; 1% risk of failure)
Confirm with . or Enter, or press ? or * to list all spells.
Aiming: Freeze (safe; 1% risk of failure)
Press: ? - help, Shift-Dir - straight line, f - gnoll
Aim: a gnoll, wielding a +0 whip You freeze the gnoll.
The gnoll is lightly wounded.
The gnoll hits you with a +0 whip!
Ouch! That really hurt!
You die...

#...(..#
###......##
###.........#
#...........#
#.#.........#
#รท###########
#.#
.#########.#
.....gg@...#
############


You could see 2 gnolls.

Vanquished Creatures
  A gnoll (D:2)
  2 adders (D:2)
  An ooze (D:1)
  2 dart slugs
  A ball python (D:2)
  3 bats
  5 giant cockroaches
  2 goblins (D:1)
  A hobgoblin (D:1)
  A quokka (D:2)
  4 kobolds
  2 rats (D:1)
25 creatures vanquished.

Notes
Turn   | Place    | Note
-------+----------+-------------------------------------------
     0 | D:1      | robertstho the Deep Elf Ice Elementalist began the quest
                  | for the Orb.
     0 | D:1      | Reached XP level 1. HP: 10/10 MP: 6/6
   562 | D:1      | Reached XP level 2. HP: 7/15 MP: 6/8
  1314 | D:1      | Reached skill level 5 in Ice Magic
  1326 | D:2      | Reached XP level 3. HP: 19/19 MP: 7/9
  2037 | D:2      | Slain by a gnoll

Illustrated notes

Levels and vault maps discovered:
D:1:      minmay_arrival_open_corners, layout_basic
D:2:      layout_basic, grunt_ministairs_13

Skill      XL: |  1  2  3 |
---------------+----------+-----
Ice Magic      | 5 |  5.2
Stealth        | 3 |  3.0
Fighting       | |  0.2
Maces & Flails | |  0.3
Dodging        | |  2.9
Spellcasting   | |  3.5

Action                   || total
-------------------------++-------
Melee: Whip              ||    77
 Cast: Freeze            ||    16
 Stab: Sleeping          ||     6
Armor: Robe              ||    13
Dodge: Dodged            ||    73

Table legend: (Time is in decaauts)
 A = Elapsed time spent in this place.
 B = Non-inter-level travel time spent in this place.
 C = Inter-level travel time spent in this place.
 D = Time resting spent in this place.
 E = Time spent auto-exploring this place.
 F = Levels seen in this place.
 G = Mean time per level.
                   A        B        C        D        E       F      G
               +--------+--------+--------+--------+--------+-----+--------+
         Total |   2043 |   2039 |      4 |    233 |   1580 |   2 | 1021.5 |
       Dungeon |   2043 |   2039 |      4 |    233 |   1580 |   2 | 1021.5 |
               +--------+--------+--------+--------+--------+-----+--------+

Top non-repeatable levels by time:
     D:1: 1322 daAuts
     D:2: 720 daAuts
